 Dungeon Crawl Stone Soup version 0.28-a0-793-g31680bbd8b (webtiles) character file.

Game seed: 5451720631556873350

380 kae the Chopper (level 6, -8/56 HPs)
             Began as a Hill Orc Cinder Acolyte on Nov 3, 2021.
             Was a High Priest of Ignis.
             Killed by divine providence
             ... invoked by an orc priest
              (10 damage)
             ... on level 5 of the Dungeon.
             The game lasted 00:02:33 (6484 turns).

kae the Chopper (Hill Orc Cinder Acolyte)           Turns: 6484, Time: 00:02:33

Health: -8/56      AC:  2    Str: 19    XL:     6   Next: 75%
Magic:  0/9        EV: 26    Int: 14    God:    Ignis [*****.]
Gold:   199        SH:  0    Dex:  6    Spells: 7/9 levels left

rFire   + . .      SeeInvis .   a - +0 hand axe (flame)
rCold   . . .      Faith    .   (no shield)
rNeg    . . .      Spirit   .   b - +0 robe
rPois   .          Reflect  .   (no helmet)
rElec   .          Harm     .   (no cloak)
rCorr   .          Rampage  .   (no gloves)
Will    .....                   (no boots)
Stlth   +.........              l - amulet of the acrobat
HPRegen 0.18/turn               (no ring)
MPRegen 0.11/turn               (no ring)

@: acrobatic
A: no striking features
a: Renounce Religion, Convert to Beogh, Sea of Fire, Foxfire Swarm, Rising Flame


You were on level 5 of the Dungeon.
You worshipped Ignis.
Ignis was extremely pleased with you.
You visited 1 branch of the dungeon, and saw 5 of its levels.

You collected 199 gold pieces.

Inventory:

Hand Weapons
 a - a +0 hand axe of flaming (weapon)
Armour
 b - a +0 robe (worn)
Jewellery
 l - an amulet of the acrobat (around neck)
Wands
 j - a wand of iceblast (7)
Scrolls
 d - a scroll of summoning {unknown}
 i - 3 scrolls of teleportation
Potions
 c - 2 potions of haste
 e - a potion of invisibility
 f - a potion of attraction
 h - a potion of brilliance
 k - a potion of might {unknown}


   Skills:
 + Level 5.0 Fighting
 * Level 6.8 Axes
 + Level 2.3 Spellcasting
 + Level 4.6 Fire Magic


You had 7 spell levels left.
You knew the following spells:

 Your Spells              Type           Power      Damage    Failure   Level
a - Scorch                Fire           28%        2d6       5%          2

Your spell library contained the following spells:

 Spells                   Type           Power      Damage    Failure   Level
 Call Canine Familiar     Summ           1%         N/A       56%         3
 Portal Projectile        Hex/Tloc       2%         N/A       56%         3
 Leda's Liquefaction      Hex/Erth       0%         N/A       92%         4
 Blade Hands              Tmut           0%         N/A       99%         5
 Excruciating Wounds      Necr           0%         N/A       99%         5


Dungeon Overview and Level Annotations

Branches:
Dungeon (5/15)             Temple (0/1) D:5

Altars:

Shops:
D:4 (

Annotations:
D:4 2 transporters


Message History

You are too injured to fight recklessly!
Casting: Scorch (safe; 5% risk of failure)
Confirm with . or Enter, or press ? or * to list all spells.
Flames lash the wyvern zombie.
The wyvern zombie is burned terribly!
The wyvern zombie is heavily damaged.
The wyvern zombie barely misses you.
The wyvern zombie is no longer more vulnerable to fire.
The wyvern zombie bites you!
* * * LOW HITPOINT WARNING * * *
A wyvern zombie is nearby!
You are too injured to fight recklessly!
You are too injured to fight recklessly!
Casting: Scorch (safe; 5% risk of failure)
Confirm with . or Enter, or press ? or * to list all spells.
Flames lash the wyvern zombie.
The wyvern zombie is severely damaged.
The wyvern zombie's fire resistance burns away.
The wyvern zombie bites you.
* * * LOW HITPOINT WARNING * * *
The wyvern zombie barely misses you.
The wyvern zombie completely misses you.
Okay, then.
Okay, then.
The wyvern zombie is no longer more vulnerable to fire.
Found an escape hatch in the floor.
The wyvern zombie completely misses you.
You see here 14 gold pieces.
Really walk into that dispersal trap?
You enter a dispersal trap!
The wyvern zombie blinks! x2; You blink.
An orc comes into view. It is wielding a +0 short sword.
The orc shouts!
You hear a shout! x2
An orc comes into view. It is wielding a +0 flail.
An orc priest comes into view. It is wielding a +0 dagger.
The orc priest shouts, "Beogh is our master!
Accept the truth or die!" (press Y on the ability menu to convert to Beogh)
The orc priest shouts!
An orc comes into view.
It is wielding a +2 flail of protection.
The orc priest calls down the wrath of Beogh upon you.
Beogh smites you!
You die...

#.....#...#§####....
#.####.##.#$......>
##.##.#§.###.##
#..##.#..# .#
#.###.###.#..# #o#
#......b..#..#..o
#....>....#§.#.#
#.........#..oo#
#.........##@#.#
#.........##.#
#.........##..
#.........##.##
#.........##.# #.#
#.# #.#


You could see an orc priest and 3 orcs.

Vanquished Creatures
  A centaur (D:4)
  2 hounds
  Jessica (D:3)
  An iguana (D:4)
  A hound skeleton (D:4)
  4 gnolls
  4 adders
  2 ufetubi
  2 worms (D:3)
  A dart slug (D:1)
  3 orcs
  7 ball pythons
  7 endoplasms
  2 giant cockroaches
  4 goblins
  11 hobgoblins
  A jackal (D:2)
  3 quokkas
  5 bats
  5 frilled lizards
  11 kobolds
  8 rats
86 creatures vanquished.

Notes
Turn   | Place    | Note
-------+----------+-------------------------------------------
     0 | D:1      | kae the Hill Orc Cinder Acolyte began the quest for the
                  | Orb.
     0 | D:1      | Reached XP level 1. HP: 19/19 MP: 2/2
   610 | D:1      | Reached XP level 2. HP: 17/27 MP: 3/3
   836 | D:1      | Learned a level 2 spell: Scorch
  1601 | D:1      | Reached XP level 3. HP: 29/33 MP: 2/4
  2138 | D:2      | Reached skill level 5 in Axes
  2683 | D:2      | Reached XP level 4. HP: 39/40 MP: 3/6
  2782 | D:2      | Found a faded altar of an unknown god.
  3778 | D:3      | Noticed Jessica
  3787 | D:3      | Killed Jessica
  4247 | D:3      | Reached XP level 5. HP: 47/47 MP: 4/7
  5371 | D:4      | Reached skill level 6 in Axes
  5497 | D:4      | Reached XP level 6. HP: 45/53 MP: 1/9
  5633 | D:4      | Found a transporter.
  5755 | D:4      | Found a transporter.
  5831 | D:4      | Found Imasuzxu's Antique Weapon Emporium.
  5916 | D:4      | Reached skill level 5 in Fighting
  6361 | D:5      | Entered Level 5 of the Dungeon
  6398 | D:5      | Found a staircase to the Ecumenical Temple.
  6477 | D:5      | HP: 1/56 [wyvern zombie (5)]
  6484 | D:5      | Killed from afar by an orc priest

Illustrated notes

Levels and vault maps discovered:
D:1:      nicolae_arrival_somewhat_less_tricky_arrival, layout_loops_cross
D:2:      layout_basic, hellmonk_ecumenical_altar_lost_god, minmay_tromino_v4_a
D:3:      layout_basic, minmay_unequal, uniq_jessica
D:4:      gammafunk_cloud_chamber, layout_loops_ring, serial_shops,
          nicolae_shop_crystal
D:5:      layout_loops_ring, minmay_temple_entry_butterflies,
          minmay_misc_feat_square, uniq_edmund

Skill      XL: |  1  2  3  4  5  6 |
---------------+-------------------+-----
Fighting       | 4 5 |  5.0
Axes           | 5 6 |  6.8
Fire Magic     | 4 |  4.6
Spellcasting   | 2 |  2.3

Action                   |  1- 3 |  4- 6 || total
-------------------------+-------+-------++-------
Melee: Hand axe          |    74 |    47 ||   121
 Cast: Scorch            |    18 |    67 ||    85
  Use: Scroll            |     3 |     7 ||    10
       Potion            |       |     1 ||     1
Armor: Robe              |    12 |    15 ||    27
Dodge: Dodged            |    41 |    79 ||   120

Table legend: (Time is in decaauts)
 A = Elapsed time spent in this place.
 B = Non-inter-level travel time spent in this place.
 C = Inter-level travel time spent in this place.
 D = Time resting spent in this place.
 E = Time spent auto-exploring this place.
 F = Levels seen in this place.
 G = Mean time per level.
                   A        B        C        D        E       F      G
               +--------+--------+--------+--------+--------+-----+--------+
         Total |   6492 |   6288 |    204 |   1005 |   4676 |   5 | 1298.4 |
       Dungeon |   6492 |   6288 |    204 |   1005 |   4676 |   5 | 1298.4 |
               +--------+--------+--------+--------+--------+-----+--------+

Top non-repeatable levels by time:
     D:3: 1958 daAuts
     D:1: 1734 daAuts
     D:2: 1670 daAuts
     D:4: 1007 daAuts
     D:5: 122 daAuts
